 Dungeon Crawl Stone Soup version 0.31.0-11-ge490571c62 (webtiles) character file.

Game seed: 2286110805574048855

40 Daunt the Caller (level 3, -3/20 HPs)
             Began as a Gargoyle Summoner on Jan 28, 2024.
             Slain by a cerulean imp
             ... wielding a +2 spear
             ... summoned by Natasha
              (5 damage)
             ... on level 2 of the Dungeon.
             The game lasted 00:04:12 (1563 turns).

Daunt the Caller (Gargoyle Summoner)                Turns: 1563, Time: 00:04:12

Health: -3/20      AC:  7    Str: 11    XL:     3   Next: 50%
Magic:  5/6        EV: 16    Int: 17    God:
Gold:   81         SH:  0    Dex: 10    Spells: 0/6 levels left

rFire   . . .        h - +0 short sword
rCold   . . .        (no shield)
rNeg    + . .        a - +0 robe
rPois   ∞            c - +2 hat
rElec   +            (no cloak)
rCorr   .            (no gloves)
SInv    .            (no boots)
Will    .....        (no amulet)
Stlth   ++           p - +5 ring of evasion
HPRegen 0.23/turn    (no ring)
MPRegen 0.10/turn

%: no passive effects
@: slowed, very slow
A: sickness immunity, AC +3, negative energy resistance 1, electricity
resistance, torment resistance 1, petrification resistance
a: no special abilities


You were on level 2 of the Dungeon.
You visited 1 branch of the dungeon, and saw 3 of its levels.

You collected 81 gold pieces.

Inventory:

Hand Weapons
 h - a +0 short sword (weapon)
Missiles
 l - 10 stones
Armour
 a - a +0 robe (worn)
 c - a +2 hat (worn)
 f - a +0 tower shield
Jewellery
 p - a +5 ring of evasion (left hand)
Scrolls
 d - a scroll of butterflies {unknown}
 g - a scroll of enchant armour {unknown}
 i - a scroll of teleportation {unknown}
 j - 2 scrolls of blinking {unknown}
 k - 2 scrolls of identify {unknown}
 q - a scroll of immolation {unknown}
Potions
 b - a potion of magic
 e - a potion of invisibility {unknown}
 m - a potion of haste {unknown}
 n - a potion of brilliance {unknown}
 o - 2 potions of mutation {unknown}


   Skills:
 + Level 1.0 Fighting
 - Level 1.5 Dodging
 - Level 2.1 Stealth
 - Level 2.0 Spellcasting
 - Level 4.5 Summonings


You couldn't memorise any spells.
You knew the following spells:

 Your Spells              Type           Power      Damage    Failure   Level
a - Summon Small Mammal   Summ           68%        N/A       3%          1
c - Call Canine Familiar  Summ           17%        N/A       9%          3
i - Call Imp              Summ           34%        N/A       4%          2

Your spell library contained the following spells:

 Spells                   Type           Power      Damage    Failure   Level
 Summon Blazeheart Golem  Fire/Summ      9%         N/A       58%         4
 Summon Lightning Spire   Summ/Air       9%         N/A       58%         4


Dungeon Overview and Level Annotations

Branches:
Dungeon (3/15)

Altars:

Annotations:
D:2 Natasha


Innate Abilities, Weirdness & Mutations

You are immune to sickness and miasma.
Your stone body is resilient. (AC +3)
You are immune to poison.
You resist negative energy. (rN+)
You are resistant to electric shocks. (rElec)
You are resistant to unholy torment.
You are immune to petrification.


Message History

Natasha mumbles some strange words.
Your cerulean imp barely misses Natasha.
You closely miss Natasha.
Natasha is moderately wounded.
Natasha casts a spell at you.
You feel yourself slow down.
Your cerulean imp barely misses Natasha.
The cerulean imp closely misses you.
You hit Natasha but do no damage.
Natasha is moderately wounded.
Natasha misses you.
The cerulean imp hits you but does no damage.
Your cerulean imp hits Natasha with a -3 spear.
Unknown command.
You completely miss Natasha.
Natasha is moderately wounded.
Natasha misses you.
The cerulean imp hits you with a +2 spear.
Your cerulean imp hits Natasha with a -3 spear.
Natasha completely misses you.
The cerulean imp hits you with a +2 spear.
Your cerulean imp closely misses Natasha.
You hit Natasha.
Natasha is heavily wounded.
Natasha claws you but does no damage. The cerulean imp barely misses you.
Your cerulean imp closely misses Natasha.
Unknown command.
You miss Natasha.
Natasha is heavily wounded.
Natasha claws you but does no damage.
The cerulean imp hits you with a +2 spear.
Your cerulean imp misses Natasha.
Natasha casts a spell at you. The magic dart hits you!
* * * LOW HITPOINT WARNING * * *
The cerulean imp barely misses you.
Your cerulean imp closely misses Natasha.
Natasha claws your cerulean imp!
The cerulean imp hits you from afar with a +2 spear.
You die...

######## ### ####......## #.##
............ ... .>
####.####.## #.# #.# #....#
###h# #.# ### #.####
#5.5####... ..# #.#
#.#@.....####.# #.#
#.#####..#..#.# #.#
#.####.#####..#..#.#### #.#
#.....................# #.#
#######.#####.....#.##.# #.#
#....##......#.#....##.# ..#
#....#######.#......##.#
..######....#######.#.####.##.#
.....†..........#.....<# #.##.#


You could see Natasha (ally target), a cerulean imp (summoned) and a friendly
cerulean imp (summoned).

Vanquished Creatures
  An orc (D:2)
  5 bats
  2 endoplasms (D:2)
  A giant cockroach (D:2)
  2 hobgoblins
  3 kobolds
  A ball python (D:2)
  2 frilled lizards (D:1)
  6 rats
23 creatures vanquished.

Vanquished Creatures (collateral kills)
  A dart slug (D:2)
  A ribbon worm (D:2)
  A ball python (D:2)
  A bat (D:1)
  An endoplasm (D:2)
  4 hobgoblins
  A rat (D:1)
10 creatures vanquished.

Grand Total: 33 creatures vanquished

Notes
Turn   | Place    | Note
-------+----------+-------------------------------------------
     0 | D:1      | Daunt the Gargoyle Summoner began the quest for the Orb.
     0 | D:1      | Reached XP level 1. HP: 10/10 MP: 3/3
   103 | D:1      | Found a faded altar of an unknown god.
   167 | D:2      | Reached skill level 4 in Summonings
   167 | D:2      | Reached XP level 2. HP: 15/15 MP: 3/5
   673 | D:1      | Reached XP level 3. HP: 15/19 MP: 6/6
  1302 | D:2      | Learned a level 2 spell: Call Imp
  1306 | D:2      | Learned a level 3 spell: Call Canine Familiar
  1509 | D:2      | Reached skill level 1 in Fighting
  1554 | D:2      | Noticed Natasha
  1563 | D:2      | Slain by a cerulean imp

Illustrated notes

Levels and vault maps discovered:
D:1:      matt_arrival_spirals, layout_loops_corners,
          ebering_ecumenical_altar_mist
D:2:      layout_basic, uniq_natasha
D:3:      cheibrodos_thug_alley, layout_loops_ring, gammafunk_ghost_grave

Skill      XL: |  1  2  3 |
---------------+----------+-----
Summonings     | 4 |  4.5
Fighting       | 1 |  1.0
Dodging        | |  1.5
Stealth        | |  2.1
Spellcasting   | |  2.0

Action                     || total
---------------------------++-------
  Melee: Unarmed           ||    74
         Punch             ||     2
         Short sword       ||    63
   Cast: Summon Small Mamm ||    14
         Call Imp          ||     2
   Stab: Sleeping          ||     2
 Armour: Robe              ||    86
  Dodge: Dodged            ||    81
